[Event "24th Torredembarra Open 2024"]
[Site "Torredembarra"]
[Date "2024.07.07"]
[Round "9.1"]
[White "Travesset Sagre, Jan"]
[Black "Guasch Figuerola, Agusti"]
[Result "1-0"]
[ECO "B06"]
[WhiteElo "2264"]
[BlackElo "1991"]
[Annotator "TA"]
[PlyCount "91"]
[EventDate "2024.06.28"]
[EventType "swiss"]
[EventCountry "ESP"]
[SourceTitle "playchess.com"]
[Source "ChessBase"]
[SourceQuality "1"]
[TimeControl "5400+30"]

1. d4 g6 2. Nf3 Bg7 3. e4 d6 4. Bc4 Nf6 5. Qe2 O-O 6. O-O c6 7. Bb3 Bg4 8. Nbd2 Nbd7 9. h3 Bxf3 10. Nxf3 e5 {[%emt 0:00:37] Weiß steht etwas besser.} 11. dxe5 dxe5 12. c3 Qe7 13. g3 a5 14. a4 Nc5 15. Bc2 Rfd8 16. b3 Qc7 17. Qc4 Ne6 18. Be3 Rd7 19. Rfd1 Rad8 20. Rxd7 Rxd7 21. Kg2 h6 22. Rd1 Bf8 23. Rb1 Rd8 24. b4 axb4 25. cxb4 Nd7 (25... c5 $142) 26. a5 $16 Qd6 27. Bb3 (27. b5 $18) 27... Bg7 (27... Ra8 $16 {ist wohl besser.} 28. Rd1 Qe7) 28. Rd1 $18 Qe7 29. b5 cxb5 30. Qxb5 Nd4 31. Bxd4 (31. Qxb7 Rb8 32. Qc7 (32. Qd5 Nxb3 33. Qxd7 Qxd7 $14) 32... Rxb3 $16) 31... exd4 32. Bd5 (32. Qxb7 Rb8 33. Qd5 Nf6) 32... Nc5 33. Nd2 (33. Nxd4 $6 Nxe4 34. Nf3 (34. Qxb7 Qxb7 35. Bxb7 Nc5 $11) 34... Kf8 $14 (34... Nc3 35. Bxf7+ Kxf7 36. Qc4+ Kf8 37. Nh4 $14)) (33. Qc4 $142) 33... Rd7 34. Rc1 Rc7 (34... Ne6 $142) 35. Qb6 $16 Kh7 $2 (35... d3 36. Qxg6 Na6) 36. Nb3 $18 Bf8 37. Nxd4 (37. Rxc5 $18 {ist viel giftiger.} Rxc5 38. Nxc5 (38. Qxc5 Qxc5 39. Nxc5 Bxc5 $18) (38. Bxb7 Rc4 $11) 38... Qxc5 39. Qxb7 (39. Bxb7 Qxb6 40. axb6 Bc5 $16)) 37... Rd7 $16 38. Qb1 {[%emt 0:04:42] Weiß hat aktiveres Spiel.} ({Besser ist} 38. Qb5 {[%cal Oc1c5] Droht stark Rxc5!} Na6 39. Bxb7) 38... f5 {[%emt 0:00:42] [#]} 39. Re1 ({Günstiger ist} 39. Qb5 $1 $18 {[%cal Oc1c5] Schwarz muss nun Rxc5! beachten.} Nxe4 40. Ne6) 39... fxe4 40. Bxe4 Nxe4 41. Rxe4 Qd6 (41... Qb4 $16 {war nötig.} 42. Qxb4 Bxb4) 42. Ne6 $36 {[%emt 0:00:00][%mdl 2048] Weiss ist am Drücker.} Be7 $2 (42... Bg7 {ist eine bessere Verteidigung.} 43. h4 Qc6) 43. Nf4 {[%emt 0:00:00] [#] Re6 ist eine echte Drohung.} Qc6 44. Kh2 {[%emt 0:00:13] Zielt auf Re6 ab.} Bg5 $2 (44... Qc5 45. Re2 Qf5 46. Qxf5 gxf5) 45. Re6 Qc5 46. Qxg6+ {[%emt 0:00:11] Gewichteter Fehlerwert: Weiß=0.20 (präzise) /Schwarz=0.45.  Fehler:       	Weiß=5     	Schwarz=8     Ungenau:       	Weiß=1     	Schwarz=4     OK:         	Weiß=15    	Schwarz=12    Bester:       	Weiß=4     	---} 1-0

[Event "24th Torredembarra Open 2024"]
[Site "Torredembarra"]
[Date "2024.07.07"]
[Round "9.2"]
[White "Lacasa Diaz, Josep Anton"]
[Black "Pogorelov, Ruslan"]
[Result "1-0"]
[ECO "A17"]
[WhiteElo "2329"]
[BlackElo "2273"]
[Annotator "TA"]
[PlyCount "155"]
[EventDate "2024.06.28"]
[EventType "swiss"]
[EventCountry "ESP"]
[SourceTitle "playchess.com"]
[Source "ChessBase"]
[SourceQuality "1"]
[TimeControl "5400+30"]

1. Nf3 Nf6 2. c4 e6 3. Nc3 Bb4 4. Qc2 O-O 5. a3 Bxc3 6. Qxc3 b6 7. b4 Bb7 8. Bb2 d6 9. e3 Nbd7 10. Be2 Qe7 11. O-O {[%emt 0:01:30] A17: English Opening: 1...Nf6 with ...Bb4.} a5 12. d3 axb4 13. axb4 Rxa1 14. Rxa1 Ra8 15. Rxa8+ Bxa8 16. Qa3 Qd8 17. Qa7 Qb8 18. Qxb8+ Nxb8 19. Nd2 $146 ({Predecessor:} 19. Nd4 Kf8 20. Nb3 Ke7 21. f4 Na6 22. b5 Nc5 23. Nxc5 bxc5 24. Kf2 g6 25. Bf3 Bxf3 26. Bxf6+ Kxf6 27. Kxf3 {1-0 Genser,H (2216)-Schneider Zinner,H (2285) AUT-ch Frohnleiten 2000 (3.22)}) 19... Nbd7 20. f4 e5 21. g4 h6 22. Kf2 Kf8 23. h4 Ke7 24. g5 hxg5 25. hxg5 Ne8 26. f5 f6 27. g6 c6 28. Bf3 Nc7 29. Nb3 c5 30. Bxa8 Nxa8 31. Ba3 ({Better is} 31. b5 $1 $16) 31... Nc7 (31... cxb4 $1 $11 {keeps the balance.} 32. Bxb4 Nc7) 32. Kf3 (32. b5 $1 $16) 32... cxb4 $1 $11 33. Bxb4 Nb8 34. Ke4 Nc6 35. Ba3 b5 36. cxb5 Nxb5 37. Kd5 Kd7 38. Bb2 Nc7+ 39. Kc4 Ne7 40. e4 Kc6 41. Bc1 d5+ 42. Kb4 Kb6 43. Be3+ d4 44. Bd2 Kc6 45. Na5+ Kb6 (45... Kd7 $14) 46. Nc4+ Kc6 47. Ka5 Nc8 $2 (47... Ncd5 $14) 48. Bb4 $18 Ne8 49. Bf8 Na7 50. Ka6 Nc8 51. Na5+ Kc7 52. Kb5 $2 (52. Nb7) 52... Ncd6+ $2 (52... Nb6 53. Ba3 Nc8) 53. Kc5 $18 Kd7 $2 (53... Nc8 54. Kd5 Kd7) 54. Nc4 $2 ({White should play} 54. Nb3 $18 Nc8 55. Kb4) 54... Nxc4 $11 55. Kxc4 Kc6 56. Be7 (56. Ba3 $5 Nd6+ $8 57. Kb3 $14) 56... Kd7 57. Ba3 (57. Bb4 $5 Nd6+ $8 58. Kb3 $11) 57... Kc6 58. Bf8 (58. Bb4 $5 Nd6+ $8 59. Kb3 $14) 58... Nd6+ 59. Kb4 Ne8 60. Ka5 Kb7 $2 (60... Kc7 $11 61. Kb5 Kb7) 61. Kb5 Kc7 62. Kc5 Kd7 {[%emt 0:01:30] [#]} 63. Kb5 $2 (63. Kb6 $1 {mates} Kc8 64. Kc6 Kd8 65. Bb4 Nc7 66. Bd6 (66. Ba5 Kc8 $18) 66... Kc8 67. Bf8 Na6 68. Bxg7) 63... Kc7 $1 $11 64. Kc5 $2 (64. Bb4 $11 Nd6+ 65. Kc5) 64... Kd7 {[%emt 0:00:00] [#]} 65. Kb6 $1 Kc8 66. Kc6 Kd8 67. Bc5 Nc7 68. Bb6 Kc8 69. Kd6 Na6 70. Ba5 Kb7 71. Kd5 Kc8 72. Kc6 Nc7 73. Kd6 Na6 74. Ke7 Nc5 75. Kf7 Nxd3 76. Kxg7 Nf4 77. Kf7 Nh5 78. g7 1-0

[Event "24th Torredembarra Open 2024"]
[Site "Torredembarra"]
[Date "2024.07.07"]
[Round "9.3"]
[White "Bernado Lopez, Roger"]
[Black "Jimenez Munoz, Nicolas"]
[Result "1/2-1/2"]
[ECO "B53"]
[WhiteElo "2155"]
[BlackElo "2070"]
[Annotator "RC"]
[PlyCount "62"]
[EventDate "2024.06.28"]
[EventType "swiss"]
[EventCountry "ESP"]
[SourceTitle "playchess.com"]
[Source "ChessBase"]
[SourceQuality "1"]
[TimeControl "5400+30"]

1. e4 c5 2. Nf3 d6 3. d4 Nf6 4. Bb5+ Bd7 5. Bxd7+ Qxd7 6. dxc5 Nxe4 7. cxd6 Nxd6 8. O-O Nc6 9. Nc3 g6 10. Bf4 Bg7 11. Bxd6 Qxd6 12. Qxd6 exd6 13. Nd5 O-O 14. c3 Rad8 15. Rfe1 Rfe8 16. Rad1 Ne5 17. Nxe5 dxe5 18. g4 f6 19. Kg2 Kf7 20. h4 Rd7 21. c4 f5 22. gxf5 gxf5 23. b3 Bh6 24. f3 Rd6 25. a4 Rg6+ 26. Kf2 Reg8 27. Rg1 Rxg1 28. Rxg1 Rxg1 29. Kxg1 Ke6 30. Kf2 e4 31. f4 Bf8 1/2-1/2

[Event "24th Torredembarra Open 2024"]
[Site "Torredembarra"]
[Date "2024.07.07"]
[Round "9.4"]
[White "Cuadras Avellana, Jordi"]
[Black "Mateos Rozas, Miguel Angel"]
[Result "1-0"]
[ECO "B30"]
[WhiteElo "2172"]
[BlackElo "2225"]
[Annotator "RC"]
[PlyCount "119"]
[EventDate "2024.06.28"]
[EventType "swiss"]
[EventCountry "ESP"]
[SourceTitle "playchess.com"]
[Source "ChessBase"]
[SourceQuality "1"]
[TimeControl "5400+30"]

1. e4 c5 2. Nf3 Nc6 3. Bb5 e6 4. O-O Nge7 5. Re1 a6 6. Bf1 d5 7. exd5 Nxd5 8. d4 Be7 9. c3 O-O 10. Nbd2 cxd4 11. cxd4 Nf6 12. Nb3 b6 13. Bg5 Bb7 14. Rc1 Rc8 15. a3 Qd5 16. Bc4 Qf5 17. Qe2 Na5 18. Nxa5 Bxf3 19. Qxf3 Qxg5 20. Nc6 Bd6 21. Bxa6 Rc7 22. Rcd1 Nd5 23. Ne5 Rc2 24. Bd3 Rd2 25. Rxd2 Qxd2 26. Qe2 Qh6 27. g3 Rd8 28. Bc4 Ne7 29. Nf3 Qf6 30. Bd3 g6 31. Be4 Nf5 32. Bxf5 Qxf5 33. Ne5 Bf8 34. Nf3 Bg7 35. Qe4 Qb5 36. b4 Qc4 37. Rd1 Rd5 38. Qe3 Qc7 39. Rc1 Qd8 40. Rc4 Bf6 41. Qc1 Kg7 42. Rc8 Qd7 43. Rc7 Qd8 44. Qc6 Rd6 45. Qb7 Qe8 46. Ne5 Bxe5 47. dxe5 Rd3 48. Re7 Qf8 49. Rxe6 Rxa3 50. Re7 Rf3 51. e6 Rf6 52. Rxf7+ Rxf7 53. Qxf7+ Qxf7 54. exf7 Kxf7 55. Kf1 Ke6 56. Ke2 Ke5 57. Kd3 b5 58. f4+ Kd5 59. g4 h6 60. h3 1-0

[Event "24th Torredembarra Open 2024"]
[Site "Torredembarra"]
[Date "2024.07.07"]
[Round "9.5"]
[White "Castillo Dalmau, Albert"]
[Black "Torrecillas Martinez, Antonio"]
[Result "1/2-1/2"]
[ECO "A39"]
[WhiteElo "2330"]
[BlackElo "2287"]
[Annotator "TA"]
[PlyCount "102"]
[EventDate "2024.06.28"]
[EventType "swiss"]
[EventCountry "ESP"]
[SourceTitle "playchess.com"]
[Source "ChessBase"]
[SourceQuality "1"]
[TimeControl "5400+30"]

1. c4 Nf6 2. g3 g6 3. Bg2 Bg7 4. Nc3 c5 5. Nf3 Nc6 6. d4 cxd4 7. Nxd4 O-O 8. O-O Ng4 9. e3 d6 10. b3 Nxd4 11. exd4 Nh6 12. Bb2 Nf5 13. Ne2 Rb8 14. Qc2 b6 15. a4 e6 16. d5 e5 17. Qd2 h5 18. f4 Re8 19. Rae1 Rb7 20. Kh1 {[%emt 0:00:30] [#]} (20. fxe5 $11 dxe5 21. Nc1) 20... Rbe7 (20... exf4 $1 $17 {White must now prevent ...Bxb2.} 21. Bxg7 Nxg7 22. Nxf4 Rxe1 23. Qxe1 Re7) 21. fxe5 $11 dxe5 (21... Bxe5 {feels hotter.} 22. Nc3 Nxg3+ 23. hxg3 Bxg3 24. Ne4 Rxe4 25. Rxe4 Rxe4 26. Bxe4 Qh4+) 22. Ba3 Nd6 23. Nc3 Rd7 24. Nb5 Nxb5 25. axb5 f5 26. Re2 Kh7 27. Rd1 e4 28. b4 Bb7 29. d6 ({White should try} 29. Bf1 $11) 29... h4 (29... a6 $15) 30. Re3 Be5 (30... hxg3 $11 31. hxg3 a6) 31. c5 $14 hxg3 32. hxg3 {[%emt 0:01:00] Bb2 is the strong threat.} (32. Rxg3 $5 Bxg3 33. hxg3 $11) 32... Qf6 (32... Qg5 $11) 33. Rb1 (33. Qe2 $16) 33... Rc8 34. c6 {[%emt 0:00:00] [#]} (34. Rf1 $11 {remains equal.} Bd4 35. c6 Bxe3 36. cxb7 (36. Qxe3 Bxc6 37. bxc6 Rxc6 $17) 36... Rxb7 (36... Bxd2 $2 37. bxc8=Q Qxd6 38. Bb2 $18) (36... Rc3 37. Qxc3 Qxc3 38. b8=Q $11) 37. Qxe3 Qxd6 38. g4) 34... Bxc6 $1 35. bxc6 $11 Rxd6 36. Qa2 {[%emt 0:01:30] b5 would now be deadly.} (36. Qf2 {simplifies} Rdxc6 37. Bb2 Bxb2 38. Qxb2 Qxb2 39. Rxb2 Kg7 40. Rf2) 36... Rdxc6 (36... Rcxc6 $2 {is the wrong capture.} 37. b5 Rc7 38. Bxd6 Bxd6 39. Qb3 $18) (36... Qg5 {is more complex.} 37. Rbe1 Rdxc6 38. Bb2 Qh6+) 37. Bb2 Bxb2 38. Qxb2 Qg5 (38... Qxb2 {simplifies} 39. Rxb2 Kg7 40. Kg1 Rc1+) 39. Qa3 R8c7 40. Rf1 Qh6+ 41. Kg1 Rc2 {[%emt 0:00:30] [#]} 42. g4 $1 fxg4 (42... Ra2 $5 43. Qxa2 Qxe3+ 44. Qf2 Qxf2+ 45. Rxf2 a5 $11) 43. Qb3 a5 44. bxa5 bxa5 45. Rxe4 Rc1 46. Rxg4 {[%emt 0:00:30] White is more active.} Qh5 47. Qg3 {[%emt 0:00:00] Hoping for Rh4.} Qc5+ 48. Kh2 {[%emt 0:01:00] Qh4+ would kill now.} Rxf1 49. Bxf1 {[%emt 0:00:30][%cal Og4c4] Threatens to win with Rc4!} Rf7 50. Bg2 Rf5 51. Rh4+ (51. Rxg6 Rh5+ 52. Bh3 Qc2+ 53. Kh1 Qxg6 $19) 51... Rh5 {[%emt 0:00:30] Weighted Error Value: White=0.23 (precise) /Black=0.16 (very precise) .  Mistake:       	White=4     	Black=5      Inaccurate:     	White=2     	Black=3      OK:         	White=10    	Black=13     Best:        	White=4     	Black=3} 1/2-1/2